 Dungeon Crawl Stone Soup version 0.29.1-1-gd02db6906a (webtiles) character file.

Game seed: 14833752520557024280

60 gzilladon the Chopper (level 4, -6/40 HPs)
             Began as a Hill Orc Monk on Sept 26, 2022.
             Mangled by an iguana (10 damage)
             ... on level 4 of the Dungeon.
             The game lasted 00:03:09 (1323 turns).

gzilladon the Chopper (Hill Orc Monk)               Turns: 1323, Time: 00:03:10

Health: -6/40      AC:  2    Str: 13    XL:     4   Next: 4%
Magic:  4/4        EV: 13    Int: 10    God:
Gold:   76         SH:  0    Dex: 15    Spells: 3/3 levels left

rFire   . . .      SeeInvis .   a - +0 hand axe
rCold   . . .      Faith    .   (no shield)
rNeg    . . .      Spirit   .   b - +0 robe
rPois   .          Reflect  .   (no helmet)
rElec   .          Harm     .   (no cloak)
rCorr   .          Rampage  .   (no gloves)
Will    .....                   (no boots)
Stlth   ++........              (no amulet)
HPRegen 0.13/turn               (no ring)
MPRegen 0.09/turn               (no ring)

@: no status effects
A: no striking features
a: no special abilities


You were on level 4 of the Dungeon.
You visited 1 branch of the dungeon, and saw 4 of its levels.

You collected 76 gold pieces.

Inventory:

Hand Weapons
 a - a +0 hand axe (weapon)
Armour
 b - a +0 robe (worn)
 f - a +0 leather armour
 i - a +0 ring mail
Wands
 j - a wand of charming (9)
Scrolls
 e - a scroll of poison {unknown}
 g - a scroll of magic mapping {unknown}
 h - a scroll of fog {unknown}
Potions
 c - a potion of ambrosia
 d - a potion of cancellation {unknown}
 k - a potion of curing


   Skills:
 + Level 4.3 Fighting
 * Level 5.4 Axes
 + Level 2.7 Dodging
 - Level 1.5 Stealth


You had 3 spell levels left.
You didn't know any spells.
Your spell library was empty.

Dungeon Overview and Level Annotations

Branches:
Dungeon (4/15)
 Temple: D:4-7

Altars:

Annotations:
D:4 Robin, Sigmund


Message History

There is a stone staircase leading down here.
There is a stone staircase leading down here.
You climb downwards.
Level annotation: Robin, Sigmund
Found 7 stones.
There is a stone staircase leading up here.
The helpless endoplasm fails to defend itself.
You slash the endoplasm!
You kill the endoplasm!
Found a scroll labelled JIOXTIKOMU.
h - a scroll labelled JIOXTIKOMU
Found a stone staircase leading up.
Found a ring mail.
Found a fuming ruby potion.
You see here a +0 ring mail.
i - a +0 ring mail
Found a short bone wand.
Found a coppery potion.
Found a spear.
j - a wand of charming (9)
Found a stone staircase leading down.
k - a coppery potion A hobgoblin comes into view.
An iguana comes into view.
The iguana hisses angrily.
The hobgoblin shouts!
The iguana bites you!
You hit the iguana but do no damage. The iguana closely misses you.
You hit the iguana but do no damage. You hit the hobgoblin.
The hobgoblin drinks a potion.
The hobgoblin is healed!
The iguana bites you.
You closely miss the iguana. You hit the hobgoblin. The hobgoblin hits you.
The iguana barely misses you.
You hit the iguana but do no damage. You hit the hobgoblin.
The hobgoblin hits you. The iguana bites you!
* * * LOW HITPOINT WARNING * * *
You hit the iguana.
The iguana is lightly wounded.
You hit the hobgoblin.
You kill the hobgoblin!
The iguana bites you!
You die...

##.#..#### #. ........ .
#. ####..#### .. #.
#........# .. #.
#.###..#.##.. #. #.#
#..#.....
..####.#####.###..#.....
..'..........##...#.....
#..l@........#.#.....
#...[..........#.....
##.........#####.....
#...................
.....>########.....#+
.......# #<.....#
#######.# #......# #.#
#.#......# #.#..#.#.#


You could see an iguana.

Vanquished Creatures
  A howler monkey (D:3)
  An adder (D:3)
  A dart slug (D:3)
  2 bats (D:3)
  2 endoplasms
  A giant cockroach (D:3)
  2 hobgoblins
  A kobold (D:3)
11 creatures vanquished.

Notes
Turn   | Place    | Note
-------+----------+-------------------------------------------
     0 | D:1      | gzilladon the Hill Orc Monk began the quest for the Orb.
     0 | D:1      | Reached XP level 1. HP: 19/19 MP: 1/1
   399 | D:3      | Reached XP level 2. HP: 18/27 MP: 2/2
   901 | D:3      | Noticed a howler monkey
   926 | D:3      | Killed a howler monkey
   927 | D:3      | Reached skill level 5 in Axes
   927 | D:3      | Reached XP level 3. HP: 11/33 MP: 3/3
   927 | D:3      | Reached XP level 4. HP: 14/40 MP: 4/4
  1155 | D:4      | Noticed Sigmund
  1156 | D:4      | Noticed Robin
  1323 | D:4      | Mangled by an iguana

Illustrated notes

Levels and vault maps discovered:
D:1:      dpeg_arrival_ratfight, layout_basic
D:2:      layout_loops_corners, ebering_ecumenical_altar_sacrificial,
          minmay_3d_cube
D:3:      layout_basic, nicolae_ru_the_path_less_chosen,
          grunt_temple_overflow_open
D:4:      layout_basic, uniq_robin, uniq_sigmund

Skill      XL: |  1  2 |
---------------+-------+-----
Fighting       | 4 |  4.3
Axes           | 5 |  5.4
Dodging        | |  2.7
Stealth        | |  1.5

Action                   |  1- 3 |  4- 6 || total
-------------------------+-------+-------++-------
Melee: Hand axe          |    36 |     6 ||    42
       Punch             |     1 |       ||     1
 Stab: Sleeping          |     1 |     1 ||     2
Armor: Robe              |     7 |       ||     7
Dodge: Dodged            |    27 |     2 ||    29
